NYP
IDAHO FALLS CHUKARS @ SPOKANE INDIANS
07/12/2047
 
TOP OF THE 1ST
Idaho Falls Chukars batting - Pitching for Spokane Indians : LHP Joel Page
Pitching: LHP Joel Page
Batting: RHB Brett Steele 0-0: Ball
1-0: Fly out, F8 (Flyball, 8RD, EV 87.5 MPH)
Batting: SHB Darius Vinson 0-0: Called Strike
0-1: Foul Ball, location: 2F
0-2: Strikes out swinging
Batting: LHB Travis Lazaro 0-0: Ball
1-0: Ball
2-0: SINGLE (Line Drive, 7LS, EV 101.9 MPH)
Batting: LHB Corey Lewis 0-0: Called Strike
0-1: Swinging Strike
0-2: Strikes out swinging
Top of the 1st over - 0 runs, 1 hit, 0 errors, 1 left on base; Idaho Falls 0 - Spokane 0
BOTTOM OF THE 1ST
Spokane Indians batting - Pitching for Idaho Falls Chukars : RHP Tony Jimenez
Pitching: RHP Tony Jimenez
Batting: LHB Jose Baez 0-0: Called Strike
0-1: Foul Ball, location: 2F
0-2: Ball
1-2: Foul Ball, location: 2F
1-2: Ball
2-2: Foul Ball, location: 2F
2-2: Foul Ball, location: 2F
2-2: Fly out, F8 (Flyball, 8LS, EV 93.8 MPH)
Batting: RHB Andres Mendiola 0-0: Ball
1-0: Foul Ball, location: 2F
1-1: Called Strike
1-2: Ball
2-2: Ground out 5-3 (Groundball, 5S, EV 84.4 MPH)
Batting: LHB Gabriel Graves 0-0: Ball
1-0: Ball
2-0: Called Strike
2-1: Ball
3-1: Base on Balls
Batting: LHB Nick Foutz 0-0: Ball
1-0: Ball
Gabriel Graves steals 2nd base
2-0: Foul Ball, location: 2F
2-1: Foul Ball, location: 2F
2-2: Ball
3-2: Foul Ball, location: 2F
3-2: SINGLE (Groundball, 4D, EV 105.6 MPH)
Gabriel Graves to third
Runner from 3rd tries for Home, SAFE, throw by CF to home
Nick Foutz to second
Batting: RHB Sergio Godinez 0-0: Ball
1-0: Fly out, F7 (Line Drive, 78M, EV 88.1 MPH)
Bottom of the 1st over - 1 run, 1 hit, 0 errors, 1 left on base; Idaho Falls 0 - Spokane 1
TOP OF THE 2ND
Idaho Falls Chukars batting - Pitching for Spokane Indians : LHP Joel Page
Batting: LHB Edgar Ortiz 0-0: Ball
1-0: Ball
2-0: Foul Ball, location: 2F
2-1: Swinging Strike
2-2: Strikes out swinging
Batting: LHB Miguel Torres 0-0: Swinging Strike
0-1: Ball
1-1: Ground out 4-3 (Groundball, 4, EV 89.4 MPH)
Batting: SHB Jamie Locke 0-0: Ball
1-0: Ball
2-0: Foul Ball, location: 2F
2-1: Ball
3-1: Ground out 5-3 (Groundball, 56, EV 86.2 MPH)
Top of the 2nd over - 0 runs, 0 hits, 0 errors, 0 left on base; Idaho Falls 0 - Spokane 1
BOTTOM OF THE 2ND
Spokane Indians batting - Pitching for Idaho Falls Chukars : RHP Tony Jimenez
Batting: LHB Caleb Domino 0-0: Ball
1-0: Called Strike
1-1: Swinging Strike
1-2: Ball
2-2: Strikes out swinging
Batting: RHB Tim Adams 0-0: Ball
1-0: Ball
2-0: Ball
3-0: Base on Balls
Batting: RHB Luke Stark 0-0: Ball
Wild Pitch!
Tim Adams to second
1-0: Ball
2-0: Foul Ball, location: 2F
2-1: Foul Ball, location: 2F
2-2: Ball
3-2: Ground out U3 (Groundball, 3, EV 103.1 MPH)
Tim Adams to third
Batting: RHB Ferdi Schipper 0-0: Called Strike
0-1: Foul Ball, location: 2F
0-2: DOUBLE (Line Drive, 8RXD, EV 108.8 MPH)
Tim Adams scores
Batting: LHB Jose Baez 0-0: Ball
1-0: Ground out U3 (Groundball, 3, EV 86.9 MPH)
Bottom of the 2nd over - 1 run, 1 hit, 0 errors, 1 left on base; Idaho Falls 0 - Spokane 2
TOP OF THE 3RD
Idaho Falls Chukars batting - Pitching for Spokane Indians : LHP Joel Page
Batting: RHB Nate Mumaw 0-0: SINGLE (Flyball, 5D, EV 90.0 MPH)
Batting: SHB Danny Ballenger 0-0: Called Strike
0-1: Ball
1-1: Fly out, F8 (Flyball, 8LXD, EV 99.4 MPH)
Batting: RHB Brett Steele 0-0: Ball
1-0: Called Strike
1-1: Swinging Strike
1-2: Strikes out swinging
Batting: SHB Darius Vinson 0-0: Foul Ball, location: 2F
0-1: Ball
1-1: Ball
2-1: Ground out 4-3 (Groundball, 4S, EV 64.4 MPH)
Top of the 3rd over - 0 runs, 1 hit, 0 errors, 1 left on base; Idaho Falls 0 - Spokane 2
BOTTOM OF THE 3RD
Spokane Indians batting - Pitching for Idaho Falls Chukars : RHP Tony Jimenez
Batting: RHB Andres Mendiola 0-0: Ball
1-0: Swinging Strike
1-1: Ball
2-1: Ball
3-1: Called Strike
3-2: Strikes out swinging
Pitching: RHP Greg Sell
Batting: LHB Gabriel Graves 0-0: Ball
1-0: Called Strike
1-1: Fly out, F7 (Flyball, 7, EV 98.1 MPH)
Batting: LHB Nick Foutz 0-0: Called Strike
0-1: Foul Ball, location: 2F
0-2: Strikes out looking
Bottom of the 3rd over - 0 runs, 0 hits, 0 errors, 0 left on base; Idaho Falls 0 - Spokane 2
TOP OF THE 4TH
Idaho Falls Chukars batting - Pitching for Spokane Indians : LHP Joel Page
Batting: LHB Travis Lazaro 0-0: Ball
1-0: Ball
2-0: Swinging Strike
2-1: Foul Ball, location: 2F
2-2: Foul Ball, location: 2F
2-2: Ball
3-2: Strikes out swinging
Batting: LHB Corey Lewis 0-0: Called Strike
0-1: Called Strike
0-2: Ball
1-2: Fly out, F3 (Popup, 3, EV 58.1 MPH)
Batting: LHB Edgar Ortiz 0-0: Called Strike
0-1: Ball
1-1: Foul Ball, location: 2F
1-2: Ball
2-2: Foul Ball, location: 2F
2-2: Foul Ball, location: 2F
2-2: Foul Ball, location: 2F
2-2: Foul Ball, location: 2F
2-2: Ball
3-2: Strikes out swinging
Top of the 4th over - 0 runs, 0 hits, 0 errors, 0 left on base; Idaho Falls 0 - Spokane 2
BOTTOM OF THE 4TH
Spokane Indians batting - Pitching for Idaho Falls Chukars : RHP Greg Sell
Batting: RHB Sergio Godinez 0-0: Swinging Strike
0-1: Ball
1-1: Called Strike
1-2: Strikes out looking
Batting: LHB Caleb Domino 0-0: Ball
1-0: Ball
2-0: Called Strike
2-1: Ball
3-1: Swinging Strike
3-2: Strikes out swinging
Batting: RHB Tim Adams 0-0: Ball
1-0: Ball
2-0: Foul Ball, location: 2F
2-1: Foul Ball, location: 2F
2-2: Ball
3-2: Fly out, F8 (Line Drive, 8RM, EV 99.4 MPH)
Bottom of the 4th over - 0 runs, 0 hits, 0 errors, 0 left on base; Idaho Falls 0 - Spokane 2
TOP OF THE 5TH
Idaho Falls Chukars batting - Pitching for Spokane Indians : LHP Joel Page
Batting: LHB Miguel Torres 0-0: Called Strike
0-1: Foul Ball, location: 2F
0-2: Strikes out looking
Batting: SHB Jamie Locke 0-0: Called Strike
0-1: Foul Ball, location: 2F
0-2: Ground out 4-3 (Groundball, 4, EV 99.4 MPH)
Batting: RHB Nate Mumaw 0-0: Swinging Strike
0-1: Foul Ball, location: 2F
0-2: Ball
1-2: Strikes out swinging
Top of the 5th over - 0 runs, 0 hits, 0 errors, 0 left on base; Idaho Falls 0 - Spokane 2
BOTTOM OF THE 5TH
Spokane Indians batting - Pitching for Idaho Falls Chukars : RHP Greg Sell
Batting: RHB Luke Stark 0-0: Ball
1-0: SINGLE (Groundball, 6MD, EV 108.1 MPH)
Batting: RHB Ferdi Schipper 0-0: Foul Ball, location: 2F
0-1: Called Strike
0-2: Fielders Choice at 2nd, 4-6 (Groundball, 4M, EV 85.0 MPH)
Pitching: RHP Rich Frontczak
Batting: LHB Jose Baez 0-0: Called Strike
0-1: Ball
1-1: Called Strike
1-2: Ball
2-2: Fly out, F7 (Flyball, 7LD, EV 83.8 MPH)
Batting: RHB Andres Mendiola 0-0: Swinging Strike
0-1: Foul Ball, location: 2F
0-2: Ball
1-2: Ball
Wild Pitch!
Ferdi Schipper to second
2-2: Fly out, F7 (Flyball, 7, EV 78.1 MPH)
Bottom of the 5th over - 0 runs, 1 hit, 0 errors, 1 left on base; Idaho Falls 0 - Spokane 2
TOP OF THE 6TH
Idaho Falls Chukars batting - Pitching for Spokane Indians : LHP Joel Page
Batting: SHB Danny Ballenger 0-0: Ball
1-0: Called Strike
1-1: SOLO HOME RUN (Flyball, 89XD, EV 98.1 MPH), Distance : 387 ft
Batting: RHB Brett Steele 0-0: Called Strike
0-1: Ball
1-1: Foul Ball, location: 2F
1-2: Ground out 6-3 (Groundball, 6, EV 82.5 MPH)
Batting: SHB Darius Vinson 0-0: Ball
1-0: Called Strike
1-1: Foul Ball, location: 2F
1-2: Ball
2-2: Ground out 6-3 (Groundball, 6, EV 88.1 MPH)
Batting: LHB Travis Lazaro 0-0: Ball
1-0: Foul Ball, location: 2F
1-1: Foul Ball, location: 2F
1-2: Strikes out swinging
Top of the 6th over - 1 run, 1 hit, 0 errors, 0 left on base; Idaho Falls 1 - Spokane 2
BOTTOM OF THE 6TH
Spokane Indians batting - Pitching for Idaho Falls Chukars : RHP Rich Frontczak
Batting: LHB Gabriel Graves 0-0: Foul Ball, location: 2F
0-1: Ball
1-1: Swinging Strike
1-2: Foul Ball, location: 2F
1-2: Ball
2-2: Strikes out swinging, 2-3 out at first.
Batting: LHB Nick Foutz 0-0: Ball
1-0: Ball
2-0: Called Strike
2-1: Called Strike
2-2: SOLO HOME RUN (Flyball, 9D, EV 98.8 MPH), Distance : 374 ft
Batting: RHB Sergio Godinez 0-0: Ball
1-0: Ball
2-0: Ball
3-0: Called Strike
3-1: Ground out 4-3 (Groundball, 4M, EV 98.1 MPH)
Batting: LHB Caleb Domino 0-0: Ball
1-0: Called Strike
1-1: Swinging Strike
1-2: Strikes out swinging
Bottom of the 6th over - 1 run, 1 hit, 0 errors, 0 left on base; Idaho Falls 1 - Spokane 3
TOP OF THE 7TH
Idaho Falls Chukars batting - Pitching for Spokane Indians : LHP Joel Page
Now at SS: Darnell Jones
Batting: LHB Corey Lewis 0-0: Swinging Strike
0-1: Swinging Strike
0-2: Ball
1-2: Foul Ball, location: 2F
1-2: Ball
2-2: Strikes out swinging
Batting: LHB Edgar Ortiz 0-0: Called Strike
0-1: Swinging Strike
0-2: Strikes out swinging
Batting: LHB Miguel Torres 0-0: Ball
1-0: Ground out U3 (Groundball, 34, EV 103.1 MPH)
Top of the 7th over - 0 runs, 0 hits, 0 errors, 0 left on base; Idaho Falls 1 - Spokane 3
BOTTOM OF THE 7TH
Spokane Indians batting - Pitching for Idaho Falls Chukars : RHP Rich Frontczak
Batting: RHB Tim Adams 0-0: Ball
1-0: Foul Ball, location: 2F
1-1: Foul Ball, location: 2F
1-2: Foul Ball, location: 2F
1-2: Foul Ball, location: 2F
1-2: Ball
2-2: SOLO HOME RUN (Flyball, 89XD, EV 104.4 MPH), Distance : 386 ft
Pitching: LHP Tyler Abraham
Batting: RHB Luke Stark 0-0: Ball
1-0: Foul Ball, location: 2F
1-1: Swinging Strike
1-2: Foul Ball, location: 2F
1-2: Strikes out looking
Batting: RHB Ferdi Schipper 0-0: Ball
1-0: Ball
2-0: Ball
3-0: Base on Balls
Batting: LHB Jose Baez 0-0: Swinging Strike
0-1: Swinging Strike
0-2: Ball
1-2: Strikes out swinging
Batting: RHB Darnell Jones 0-0: Called Strike
0-1: Ball
1-1: Ball
2-1: Called Strike
2-2: Ball
3-2: Strikes out swinging
Bottom of the 7th over - 1 run, 1 hit, 0 errors, 1 left on base; Idaho Falls 1 - Spokane 4
TOP OF THE 8TH
Idaho Falls Chukars batting - Pitching for Spokane Indians : LHP Joel Page
Now at 1B: Herb Craig
Now at 2B: Darnell Jones
Now at 3B: Shoh Tanioka
Now at SS: Dave Brabo
Batting: SHB Jamie Locke 0-0: Ball
1-0: Swinging Strike
1-1: Ball
2-1: SOLO HOME RUN (Line Drive, 7D, EV 96.9 MPH), Distance : 365 ft
Batting: RHB Nate Mumaw 0-0: Called Strike
0-1: Swinging Strike
0-2: Ball
1-2: SINGLE (Line Drive, 4D, EV 97.5 MPH)
Pitching: RHP Javier Cabrera
Batting: SHB Danny Ballenger 0-0: Ball
1-0: Called Strike
1-1: Foul Ball, location: 2F
1-2: Foul Ball, location: 2F
1-2: Fielders Choice at 2nd, 5-4 (Groundball, 5L, EV 91.9 MPH)
Batting: RHB Brett Steele 0-0: Foul Ball, location: 2F
0-1: Grounds into double play, 4-6-3 (Groundball, 34, EV 85.6 MPH)
Top of the 8th over - 1 run, 2 hits, 0 errors, 0 left on base; Idaho Falls 2 - Spokane 4
BOTTOM OF THE 8TH
Spokane Indians batting - Pitching for Idaho Falls Chukars : LHP Tyler Abraham
Batting: RHB Dale Young 0-0: DOUBLE (Flyball, 8LXD, EV 107.5 MPH)
Batting: LHB Nick Foutz 0-0: Ball
1-0: Ball
2-0: Foul Ball, location: 2F
2-1: Foul Ball, location: 2F
2-2: Ball
3-2: SINGLE (Flyball, 5D, EV 88.1 MPH)
Dale Young to third
Pitching: RHP Bryan Kiefer
Batting: RHB Sergio Godinez 0-0: Called Strike
Nick Foutz is caught stealing 2nd base 2-4
0-1: Ball
1-1: Ball
2-1: Ball
3-1: SINGLE (Groundball, 4M, EV 89.4 MPH) (infield hit)
Dale Young scores
Batting: LHB Caleb Domino 0-0: Ball
1-0: Ball
2-0: Ball
3-0: Called Strike
3-1: Base on Balls
Sergio Godinez to second
Batting: RHB Shoh Tanioka 0-0: Ball
1-0: Fly out, F6 (Popup, 56D, EV 56.2 MPH)
Batting: RHB Herb Craig 0-0: Swinging Strike
0-1: Foul Ball, location: 2F
0-2: Ball
1-2: Foul Ball, location: 2F
1-2: Fly out, F4 (Popup, 4S, EV 71.9 MPH)
Bottom of the 8th over - 1 run, 3 hits, 0 errors, 2 left on base; Idaho Falls 2 - Spokane 5
TOP OF THE 9TH
Idaho Falls Chukars batting - Pitching for Spokane Indians : RHP Javier Cabrera
Pitching: RHP Victor Morin
Batting: SHB Darius Vinson 0-0: Ball
1-0: Fly out, F9 (Flyball, 9S, EV 90.0 MPH)
Batting: LHB Travis Lazaro 0-0: Ball
1-0: Ball
2-0: Ball
3-0: Base on Balls
Batting: LHB Corey Lewis 0-0: Called Strike
0-1: Ball
1-1: Foul Ball, location: 2F
1-2: Fly out, F8 (Flyball, 8RXD, EV 106.2 MPH)
Batting: LHB Edgar Ortiz 0-0: Foul Ball, location: 2F
0-1: Foul Ball, location: 2F
0-2: Foul Ball, location: 2F
0-2: Ball
1-2: Strikes out swinging
Top of the 9th over - 0 runs, 0 hits, 0 errors, 1 left on base; Idaho Falls 2 - Spokane 5
Thursday, December 15th , 2022 - OOTP Baseball 23.9 Build 102